 Dungeon Crawl Stone Soup version 0.22-a0-565-gfc6459a (webtiles) character file.

14 iamserjio the Charmwright (level 2, 4/25 HPs)
             Began as a Draconian Skald on June 28, 2018.
             Quit the game on level 2 of the Dungeon.
             The game lasted 00:01:57 (308 turns).

iamserjio the Charmwright (Draconian Skald)          Turns: 308, Time: 00:01:57

Health: 4/25       AC:  4    Str: 13    XL:     2   Next: 27%
Magic:  5/5        EV: 12    Int: 13    God:
Gold:   36         SH:  0    Dex: 10    Spells: 2/5 levels left

rFire    . . .     SeeInvis .     - Unarmed
rCold    . . .     Gourm    .   (no shield)
rNeg     . . .     Faith    .   (armour unavailable)
rPois    .         Spirit   .   (helmet restricted)
rElec    .         Reflect  .   (no cloak)
rCorr    .         Harm     .   (no gloves)
MR       .....                  (no boots)
Stlth    +.........             (no amulet)
HPRegen  0.08/turn              (no ring)
MPRegen  0.09/turn              (no ring)

@: lethally poisoned (4 -> -3)
A: unfitting armour, cold-blooded, AC +4
a: no special abilities


You were on level 2 of the Dungeon.
You were not hungry.

You visited 1 branch of the dungeon, and saw 2 of its levels.

You collected 36 gold pieces.

Inventory:

Missiles
 a - 69 stones (quivered)
Armour
 f - a +0 shield
Scrolls
 c - 2 scrolls of identify {unknown}
 d - a scroll of enchant weapon {unknown}
 h - 2 scrolls of remove curse {unknown}
Comestibles
 b - a ration
 g - a chunk of flesh


   Skills:
 + Level 2.4 Fighting
 - Level 2.1 Dodging
 * Level 2.5 Unarmed Combat
 - Level 2.0 Spellcasting
 + Level 2.9 Charms


You had 2 spell levels left.
You knew the following spells:

 Your Spells              Type           Power        Failure   Level  Hunger
a - Infusion              Chrm           #...         8%          1    ##.....
b - Song of Slaying       Chrm           #.......     12%         2    ###....

Your spell library contained the following spells:

 Spells                   Type           Power        Failure   Level  Hunger
 Regeneration             Chrm/Necr      #.........   38%         3    ####...
 Shroud of Golubria       Chrm/Tloc      #.........   22%         2    ###....
 Spectral Weapon          Hex/Chrm       #.......     38%         3    ####...


Dungeon Overview and Level Annotations

Branches:
Dungeon (1/15)

Altars:


Innate Abilities, Weirdness & Mutations

Your plain brown scales are hard. (AC +4)
You cannot fit into any form of body armour.
You are cold-blooded and may be slowed by cold attacks.


Message History

The adder poisons you!
You hit the adder.
The adder is heavily wounded.
* * * LOW HITPOINT WARNING * * *
You feel sick. The adder barely misses you.
You closely miss the adder.
The adder is heavily wounded.
* * * LOW HITPOINT WARNING * * *
You feel sick. The adder bites you but does no damage.
You barely miss the adder.
The adder is heavily wounded.
The adder closely misses you. The adder barely misses you.
It was a potion of cancellation.
You feel magically purged.
* * * LOW HITPOINT WARNING * * *
You feel sick. The adder misses you.
You closely miss the adder.
The adder is heavily wounded.
* * * LOW HITPOINT WARNING * * *
You feel sick. The adder barely misses you.
Are you sure you want to abandon this character and quit the game? (Confirm with "yes".)

#.# #.# ##.#.#
##.......###....
#.# #.. ...#.#
##.....## #####
#.# #### #####.#
##...## # #.#
#.#### ##+## #
..# #.#.. # ###
#.#.# #
#.#.#####.#
#..S.......
###@###... #.#
#.. ####


You could see an adder.

Vanquished Creatures
  2 leopard geckos (D:2)
  2 bats
  A giant cockroach (D:1)
  A goblin (D:1)
  A hobgoblin (D:2)
  A quokka (D:2)
  A ball python (D:1)
  A rat (D:1)
10 creatures vanquished.

Notes
Turn   | Place    | Note
-------+----------+-------------------------------------------
     0 | D:1      | iamserjio the Draconian Skald began the quest for the Orb.
     0 | D:1      | Reached XP level 1. HP: 17/17 MP: 3/3
    89 | D:1      | You fall through a shaft!
   117 | D:2      | Reached XP level 2. HP: 25/25 MP: 0/5
   263 | D:2      | Learned a level 2 spell: Song of Slaying
   308 | D:2      | Quit the game

Vault maps used:
D:1:      dpeg_arrival_fog

Action                   || total
-------------------------++-------
Melee: Unarmed           ||    51
       Tailslap          ||     5
 Cast: Infusion          ||     1
  Use: Potion            ||     1
 Stab: Sleeping          ||     1
Armor: Skin              ||    20
Dodge: Dodged            ||    40

Table legend:
 A = Spawn XP
 B = Non-spawn XP
 C = Spawn XP percentage of total XP
 D = Spawn monster count
 E = Non-spawn monster count
 F = Spawn count percentage of total count
 G = Total turns spent on level
                    A         B        C        D         E        F      G
               +---------+---------+-------+---------+---------+-------+---------
         Total |       0 |      20 |   0.0 |       0 |      10 |   0.0 |   308
               +---------+---------+-------+---------+---------+-------+---------
           D:1 |       0 |       8 |   0.0 |       0 |       5 |   0.0 |    89
           D:2 |       0 |      12 |   0.0 |       0 |       5 |   0.0 |   219
               +---------+---------+-------+---------+---------+-------+---------
